 Dungeon Crawl Stone Soup version 0.29-a0-509-g793eeb5391 (webtiles) character file.

Game seed: 13783368284251963072

1654 Morbidden the Conjurer (level 8, 0/45 HPs)
             Began as a Deep Elf Conjurer on May 29, 2022.
             Slain by a scorpion (6 damage)
             ... on level 6 of the Dungeon.
             The game lasted 00:06:19 (8496 turns).

Morbidden the Conjurer (Deep Elf Conjurer)          Turns: 8496, Time: 00:06:19

Health: 0/45       AC:  4    Str:  4    XL:     8   Next: 68%
Magic:  9/20       EV: 14    Int: 26    God:
Gold:   173        SH:  0    Dex: 13    Spells: 13/20 levels left

rFire   . . .      SeeInvis +   d - +10 long sword of Valiance {vorpal, rPois rC+ SInv}
rCold   + . .      Faith    .   (no shield)
rNeg    . . .      Spirit   .   a - +0 robe
rPois   +          Reflect  .   f - +0 helmet
rElec   .          Harm     .   g - +0 cloak
rCorr   .          Rampage  .   (no gloves)
Will    .....                   (no boots)
Stlth   ++........              (no amulet)
HPRegen 0.15/turn               n - ring of wizardry
MPRegen 0.17/turn               (no ring)

@: no status effects
A: no striking features
a: no special abilities


You were on level 6 of the Dungeon.
You visited 1 branch of the dungeon, and saw 6 of its levels.
You also visited: Ossuary.

You collected 173 gold pieces.

Inventory:

Hand Weapons
 d - the +10 long sword of Valiance (weapon) {vorpal, rPois rC+ SInv}
   (You found it on level 2 of the Dungeon)

   It inflicts extra damage upon your enemies.
   rC:        It protects you from cold.
   rPois:     It protects you from poison.
   SInv:      It lets you see invisible.
Missiles
 p - a throwing net
Armour
 a - a +0 robe (worn)
 f - a +0 helmet (worn)
 g - a +0 cloak (worn)
Jewellery
 n - a ring of wizardry (left hand)
 D - a ring of flight
Wands
 e - a wand of paralysis (7)
Scrolls
 h - a scroll of teleportation {unknown}
 l - a scroll of magic mapping
 m - 4 scrolls of blinking
 o - a scroll of brand weapon {unknown}
 r - a scroll of noise {unknown}
 t - a scroll of enchant armour {unknown}
 u - 2 scrolls of identify {unknown}
 w - a scroll of fear {unknown}
 x - a scroll of summoning {unknown}
 y - a scroll of immolation {unknown}
 C - a scroll of vulnerability {unknown}
Potions
 b - 2 potions of magic
 c - a potion of might {unknown}
 i - a potion of invisibility {unknown}
 j - 5 potions of cancellation {unknown}
 k - 3 potions of heal wounds {unknown}
 q - a potion of flight {unknown}
 s - a potion of curing {unknown}
 v - 3 potions of berserk rage {unknown}
 z - a potion of mutation {unknown}
 A - a potion of attraction {unknown}
 B - a potion of degeneration {unknown}
 E - a potion of brilliance {unknown}


   Skills:
 * Level 2.7 Fighting
 * Level 4.8 Long Blades
 * Level 5.8 Dodging
 + Level 3.9 Stealth
 * Level 6.8 Spellcasting
 * Level 7.0 Conjurations
 * Level 2.1 Translocations


You had 13 spell levels left.
You knew the following spells:

 Your Spells              Type           Power      Damage    Failure   Level
a - Magic Dart            Conj           100%       1d8       1%          1
b - Searing Ray           Conj           90%        2d7       1%          2
z - Iskenderun's Mystic   Conj/Tloc      33%        2d8       4%          4

Your spell library contained the following spells:

 Spells                   Type           Power      Damage    Failure   Level
 Dazzling Flash           Conj/Hex       54%        N/A       1%          3
 Ensorcelled Hibernation  Hex/Ice        16%        N/A       4%          2
 Passwall                 Tmut/Erth      6%         N/A       4%          2
 Fulminant Prism          Conj/Hex       13%        3d9       6%          4
 Swiftness                Air            8%         N/A       8%          3


Dungeon Overview and Level Annotations

Branches:
Dungeon (6/15)            Ossuary (visited)
 Temple: D:4-7

Altars:
Trog


Message History

Confirm with . or Enter, or press ? or * to list all spells.
Aiming: Searing Ray (safe; 1% risk of failure)
Press: ? - help, Shift-Dir - straight line, f - gnoll
Aim: a gnoll, wielding a +0 flail (84% to hit)
The searing ray hits the gnoll.
The gnoll is lightly wounded. (Press . to maintain the ray.)
The searing ray hits the gnoll!
You kill the gnoll!
A scorpion comes into view.
You finish channelling your searing ray.
The bullfrog hits you. The bullfrog barely misses you. The bullfrog hits you.
Unknown command.
The bullfrog hits you.
A gnoll comes into view. It is wielding a +0 club.
The bullfrog hits you.
Unknown command.
The bullfrog hits you.
Casting: Searing Ray (safe; 1% risk of failure)
Confirm with . or Enter, or press ? or * to list all spells.
Aiming: Searing Ray (safe; 1% risk of failure)
Press: ? - help, Shift-Dir - straight line, f - bullfrog
Aim: a bullfrog (77% to hit)
The searing ray hits the bullfrog!
The bullfrog is moderately wounded. (Press . to maintain the ray.)
The bullfrog hits you! The bullfrog hits you.
Unknown command.
You are too injured to fight recklessly!
Unknown command.
The bullfrog hits you.
* * * LOW HITPOINT WARNING * * *
The bullfrog attacks as you move away! The bullfrog hits you.
* * * LOW HITPOINT WARNING * * *
Unknown command.
You slash the bullfrog!
You kill the bullfrog!
The scorpion stings you.
You die...

......... # ..).....## .
.......... .# . .#.#
.........##.#.......
.........#.............
.....).†....##....##..#
...........###........#
........###.##........## ##
....#....s@.#..........###.
# #....##...#.(...##..##.
##....#............##..
♣♣♣♣♣♣♣♣♣.............
.§......♣........#...
≈§§≈≈≈≈.♣....#..##... .....
..≈§≈).§♣...##.##.... .....
§≈§..≈.≈♣.###..##.... .(...
§≈§_.≈.≈♣...#.##..#..


You could see a scorpion.

Vanquished Creatures
  A troll (D:5)
  A steam dragon (D:6)
  3 black bears
  An ice beast (D:5)
  2 bullfrogs
  A necrophage (D:4)
  4 water moccasin zombies (Ossuary)
  A howler monkey (D:5)
  A gnoll shaman (D:6)
  3 hounds
  Terence (D:3)
  5 iguanas
  3 mummies
  6 gnolls
  6 adders
  A shadow imp (D:5)
  An ufetubus (D:5)
  8 adder zombies (Ossuary)
  A worm (D:3)
  4 dart slugs
  8 orcs
  7 endoplasms
  3 giant cockroaches
  4 gnoll zombies (Ossuary)
  10 goblins
  5 hobgoblins
  2 quokkas
  7 ball pythons
  4 bats
  A frilled lizard (D:1)
  3 hobgoblin zombies
  9 kobolds
  3 kobold zombies
  3 orc zombies (Ossuary)
  5 rats
128 creatures vanquished.

Notes
Turn   | Place    | Note
-------+----------+-------------------------------------------
     0 | D:1      | Morbidden the Deep Elf Conjurer began the quest for the
                  | Orb.
     0 | D:1      | Reached XP level 1. HP: 10/10 MP: 6/6
   234 | D:2      | Identified the +10 long sword of Valiance {vorpal, rPois
                  | rC+ SInv}
   654 | D:2      | Reached XP level 2. HP: 11/15 MP: 8/8
  1307 | D:2      | Reached skill level 5 in Conjurations
  1731 | D:1      | Reached XP level 3. HP: 6/19 MP: 9/9
  2611 | D:3      | Reached skill level 1 in Long Blades
  2611 | D:3      | Reached XP level 4. HP: 23/24 MP: 4/11
  3070 | D:3      | Noticed Terence
  3081 | D:3      | Killed Terence
  3088 | D:3      | Learned a level 2 spell: Searing Ray
  3093 | D:3      | Learned a level 4 spell: Iskenderun's Mystic Blast
  3606 | D:4      | Reached XP level 5. HP: 28/28 MP: 5/12
  3737 | D:4      | Reached skill level 1 in Fighting
  4307 | D:4      | Noticed a black bear
  4310 | D:4      | Killed a black bear
  4311 | D:4      | Reached XP level 6. HP: 15/34 MP: 12/15
  4630 | D:4      | Reached skill level 5 in Spellcasting
  4630 | D:4      | Reached skill level 6 in Conjurations
  4835 | D:5      | Entered Level 5 of the Dungeon
  4865 | D:5      | Noticed an ice beast
  4875 | D:5      | Reached XP level 7. HP: 18/39 MP: 6/17
  4950 | D:5      | Found a sand-covered staircase.
  4955 | Ossuary  | Entered an ossuary
  5213 | Ossuary  | HP: 1/40 [water moccasin zombie (5)]
  6338 | D:5      | Reached skill level 1 in Translocations
  6520 | D:5      | Reached XP level 8. HP: 43/44 MP: 13/19
  6684 | D:5      | Noticed a troll
  6695 | D:5      | HP: 1/44 [troll (10)]
  6696 | D:5      | Killed a troll
  6697 | D:5      | Reached skill level 5 in Dodging
  8438 | D:6      | Found a bloodstained altar of Trog.
  8447 | D:6      | Reached skill level 7 in Conjurations
  8496 | D:6      | Slain by a scorpion

Illustrated notes

Levels and vault maps discovered:
D:1:      dpeg_arrival_snail, layout_rooms, serial_forest,
          infiniplex_forest_lined_2, infiniplex_forest_corner_1,
          infiniplex_forest_lined_ring, infiniplex_forest_straight_3,
          infiniplex_forest_straight_2, infiniplex_forest_end_2,
          infiniplex_forest_split, infiniplex_forest_lined_room_,
          infiniplex_forest_lined_2
D:2:      wander_river, layout_loops_corners, dreamdust_princess_corridor
D:3:      layout_basic, uniq_terence
D:4:      layout_loops_ring
D:5:      layout_rooms, nicolae_ossuary_entry_giza
D:6:      layout_cave_pools, mainiacjoe_overflow_paths

Skill      XL: |  1  2  3  4  5  6  7  8 |
---------------+-------------------------+-----
Conjurations   | 5 6 7 |  7.0
Long Blades    | 1 2 3 4 |  4.8
Dodging        | 3 4 5 |  5.8
Stealth        | 3 |  3.9
Fighting       | 1 2 |  2.7
Spellcasting   | 4 5 6 |  6.8
Translocations | 1 2 |  2.1

Action                   |  1- 3 |  4- 6 |  7- 9 || total
-------------------------+-------+-------+-------++-------
Melee: Long sword        |    31 |    10 |    66 ||   107
 Cast: Magic Dart        |    50 |    65 |    97 ||   212
       Searing Ray       |       |     4 |    16 ||    20
  Use: Scroll            |       |     2 |       ||     2
       Potion            |       |       |     1 ||     1
 Stab: Sleeping          |     3 |       |     6 ||     9
Armor: Robe              |     9 |     8 |    34 ||    51
Dodge: Dodged            |    32 |    16 |    99 ||   147

Table legend: (Time is in decaauts)
 A = Elapsed time spent in this place.
 B = Non-inter-level travel time spent in this place.
 C = Inter-level travel time spent in this place.
 D = Time resting spent in this place.
 E = Time spent auto-exploring this place.
 F = Levels seen in this place.
 G = Mean time per level.
                   A        B        C        D        E       F      G
               +--------+--------+--------+--------+--------+-----+--------+
         Total |   8527 |   8221 |    306 |   2266 |   5109 |   7 | 1218.1 |
       Dungeon |   7225 |   6919 |    306 |   1565 |   4674 |   6 | 1204.2 |
       Ossuary |   1301 |   1301 |      0 |    701 |    435 |   1 | 1301.0 |
               +--------+--------+--------+--------+--------+-----+--------+

Top non-repeatable levels by time:
     D:5: 1776 daAuts
     D:2: 1557 daAuts
 Ossuary: 1301 daAuts
     D:4: 1240 daAuts
     D:3: 1210 daAuts
     D:1: 861 daAuts
     D:6: 579 daAuts
